 Dungeon Crawl Stone Soup version 0.29-a0-271-gd4eb659eea (webtiles) character file.

Game seed: 10178289810259699150

703611 Morbidden the Eclecticist (level 27, -1/268 (312) HPs)
             Began as a Demonspawn Venom Mage on Mar 7, 2022.
             Was the Champion of Cheibriados.
             Killed by drain life
             ... invoked by a soul eater
              (4 damage)
             ... in Pandemonium on Mar 8, 2022.
             The game lasted 03:57:16 (78431 turns).

Morbidden the Eclecticist (Demonspawn Venom Mage)  Turns: 78431, Time: 03:57:16

HP:   -1/268 (312)  AC: 22    Str: 34      XL:     27
MP:   46/46         EV: 22    Int: 41 (44) God:    Cheibriados [******]
Gold: 9332          SH: 19    Dex: 31      Spells: 17/66 levels left

rFire   + + +      SeeInvis .   t - +10 long sword "Farph" {protect, Contam *Rage Str+6 Int+9}
rCold   + + +      Faith    .   o - +2 shield of Resistance {rF++ rC++ Will++}
rNeg    + . .      Spirit   .   M - +8 gold dragon scales
rPois   +          Reflect  .   (helmet restricted)
rElec   +          Harm     .   (cloak unavailable)
rCorr   .          Rampage  .   E - +2 pair of gloves {Stlth+}
Will    ++++.      Rage     20% x - +0 pair of boots of Dishonour {rN+}
Stlth   .......... Rnd*Tele +   w - amulet "Woybruad" {rPois Regen+ Dex+4 Stlth-}
HPRegen 1.34/turn               n - ring of magical power
MPRegen 0.30/turn               H - +4 ring of protection

@: mighty, agile, berserking (expiring), corroded, under a protective aura,
slowed, studying 3 skills, heavily drained, unable to read, very slow
A: slimy green scales 3, powered by death 3, powered by pain 3, black mark,
bedeviling, aura of silence, weakness stinger 3, horns 1, clumsy 2, deformed
body, deterioration 1, dopey 1, low MP 2, poison resistance, screaming 2,
electricity resistance, teleportitis 1, weak 1, no potion heal 1, subdued magic
1, inability to read while threatened, MP-powered wands
}: 5/15 runes: barnacled, silver, abyssal, demonic, gossamer
a: Renounce Religion, Bend Time, Temporal Distortion, Slouch, Step From Time


You were in Pandemonium.
You worshipped Cheibriados.
Cheibriados was exalted by your worship.
You visited 15 branches of the dungeon, and saw 54 of its levels.
You visited Pandemonium 1 time, and saw 3 of its levels.
You visited the Abyss 2 times.
You visited 1 bazaar.
You also visited: Trove, Ossuary, Ice Cave, Wizlab and Desolation.

You collected 9881 gold pieces.
You spent 549 gold pieces at shops.

Inventory:

Hand Weapons
 a - a +9 scimitar of electrocution
 b - the +0 dagger "Demonbane" {drain, *Corrode Str+6 Dex+8}
   (You found it on level 5 of the Dungeon)

   A truly terrible weapon, it drains the life of any living foe it strikes.
   Str:       It affects your strength (+6).
   Dex:       It affects your dexterity (+8).
   *Corrode:  It may corrode you when you take damage.
 t - the +10 long sword "Farph" (weapon) {protect, Contam *Rage Str+6 Int+9}
   (You found it in the Desolation of Salt)

   It grants its wielder temporary protection when it strikes (+7 to AC).
   Str:       It affects your strength (+6).
   Int:       It affects your intelligence (+9).
   *Rage:     It berserks you when you make melee attacks (+20% chance).
   Contam:    It causes magical contamination when unequipped.
 B - a +5 demon blade of electrocution
Missiles
 y - 3 silver boomerangs
 D - 5 curare-tipped darts
 G - 20 silver javelins (quivered)
 J - 3 throwing nets
 L - 27 boomerangs of dispersal
 R - 51 boomerangs
 V - 3 javelins
Armour
 c - a +2 helmet of intelligence
 m - the +4 ring mail of Distant Worlds {Contam rElec rC+++ Regen+}
   (You acquired it on level 6 of the Dungeon)

   rC:        It renders you almost immune to cold.
   rElec:     It insulates you from electricity.
   Contam:    It causes magical contamination when unequipped.
   Regen:     It increases your rate of health regeneration.
 o - the +2 shield of Resistance (worn) {rF++ rC++ Will++}
   (You found it on level 2 of the Dungeon)

   rF:        It greatly protects you from fire.
   rC:        It greatly protects you from cold.
   Will:      It greatly increases your willpower.
 x - the +0 pair of boots of Dishonour (worn) {rN+}
   (You found it on level 4 of the Spider Nest)

   rN:        It protects you from negative energy.
 E - a +2 pair of gloves of stealth (worn)
 M - +8 gold dragon scales (worn)
Jewellery
 n - a ring of magical power (left hand)
 r - a ring of protection from fire
 v - a +4 ring of protection
 w - the amulet "Woybruad" (around neck) {rPois Regen+ Dex+4 Stlth-}
   (You found it in the Desolation of Salt)

   [amulet of regeneration]

   Dex:       It affects your dexterity (+4).
   rPois:     It protects you from poison.
   Regen:     It increases your rate of health regeneration.
   Stlth:     It makes you less stealthy.
 C - a ring of protection from cold
 H - a +4 ring of protection (right hand)
 P - an amulet of magic regeneration
Wands
 p - a wand of paralysis (12)
 Q - a wand of mindburst (10)
 S - a wand of acid (14)
 T - a wand of iceblast (9)
 X - a wand of digging (12)
Scrolls
 d - 13 scrolls of immolation
 f - 8 scrolls of amnesia
 i - 30 scrolls of identify
 l - 9 scrolls of magic mapping
 q - 28 scrolls of teleportation
 s - 7 scrolls of fear
 A - 3 scrolls of brand weapon
 F - a scroll of silence
 Y - 3 scrolls of blinking
 Z - 9 scrolls of fog
Potions
 e - 14 potions of brilliance
 g - 4 potions of cancellation
 h - 11 potions of mutation
 j - 23 potions of curing
 k - 8 potions of flight
 u - 5 potions of berserk rage
 z - 2 potions of magic
 I - 5 potions of heal wounds
 K - 5 potions of resistance
 N - 9 potions of ambrosia
 U - 9 potions of might
Miscellaneous
 O - the horn of Geryon
 W - a box of beasts


   Skills:
 * Level 15.2 Fighting
 - Level 8.2(11.8) Short Blades
 + Level 13.5(14.3) Long Blades
 + Level 0.6 Throwing
 + Level 8.3 Armour
 * Level 13.7 Dodging
 + Level 5.6 Stealth
 + Level 15.2 Shields
 * Level 20.2 Spellcasting
 * Level 13.9 Conjurations
 * Level 14.3 Hexes
 * Level 13.7 Necromancy
 + Level 9.1 Translocations
 * Level 10.4 Transmutations
 + Level 11.2 Fire Magic
 * Level 15.3 Air Magic
 + Level 11.2 Poison Magic
 - Level 13.0 Invocations
 + Level 0.2 Evocations


You had 17 spell levels left.
You knew the following spells:

 Your Spells              Type           Power      Damage    Failure   Level
a - Fireball              Conj/Fire      42%        3d17      2%          5
b - Airstrike             Air            45%        N/A       1%          4
c - Scorch                Fire           100%       2d10      1%          2
d - Eringya's Noxious Bo  Tmut/Pois      39%        N/A       32%         6
e - Sting                 Tmut/Pois      100%       1d8       1%          1
f - Starburst             Conj/Fire      42%        6d12      16%         6
g - Enfeeble              Hex            55%        N/A       38%         7
h - Poisonous Vapours     Pois/Air       100%       N/A       1%          2
i - Dispersal             Tloc           36%        N/A       56%         6
s - Olgreb's Toxic Radia  Pois           80%        N/A       1%          4
x - Blink                 Tloc           100%       N/A       1%          2
z - Iskenderun's Mystic   Conj/Tloc      81%        2d16      1%          4

Your spell library contained the following spells:

 Spells                   Type           Power      Damage    Failure   Level
 Animate Skeleton         Necr           100%       N/A       1%          1
 Apportation              Tloc           100%       N/A       1%          1
 Beastly Appendage        Tmut           100%       N/A       1%          1
 Foxfire                  Conj/Fire      100%       2x1d9     1%          1
 Magic Dart               Conj           100%       1d8       1%          1
 Pain                     Necr           100%       1d9       1%          1
 Slow                     Hex            100%       N/A       1%          1
 Corpse Rot               Necr/Air       100%       N/A       1%          2
 Static Discharge         Conj/Air       89%        N/A       1%          2
 Wereblood                Tmut           78%        N/A       1%          2
 Confusing Touch          Hex            100%       N/A       1%          3
 Conjure Flame            Conj/Fire      84%        6-21      1%          3
 Dazzling Flash           Conj/Hex       100%       N/A       1%          3
 Ignite Poison            Fire/Tmut/Pois 79%        N/A       1%          3
 Inner Flame              Hex/Fire       100%       N/A       1%          3
 Mephitic Cloud           Conj/Pois/Air  86%        N/A       1%          3
 Portal Projectile        Hex/Tloc       100%       N/A       1%          3
 Spider Form              Tmut/Pois      79%        N/A       1%          3
 Tukima's Dance           Hex            100%       N/A       1%          3
 Vampiric Draining        Necr           87%        2d12      1%          3
 Anguish                  Hex/Necr       55%        N/A       1%          4
 Animate Dead             Necr           43%        N/A       1%          4
 Cause Fear               Hex            55%        N/A       1%          4
 Dispel Undead            Necr           87%        3d28      1%          4
 Flame Wave               Conj/Fire      84%        2d15      1%          4
 Fulminant Prism          Conj/Hex       55%        3d25      1%          4
 Sticky Flame             Conj/Fire      84%        2d10      1%          4
 Agony                    Necr           87%        N/A       1%          5
 Lightning Bolt           Conj/Air       44%        1d64      1%          5
 Silence                  Hex/Air        56%        N/A       1%          5
 Passwall                 Tmut/Erth      49%        N/A       2%          2
 Stone Arrow              Conj/Erth      100%       3d13      2%          3
 Summon Guardian Golem    Hex/Summ       86%        N/A       2%          3
 Yara's Violent Unravell  Hex/Tmut       52%        3d20      2%          5
 Passage of Golubria      Tloc           73%        N/A       3%          4
 Irradiate                Conj/Tmut      41%        3d27      3%          5
 Alistair's Intoxication  Tmut/Pois      52%        N/A       5%          5
 Summon Lightning Spire   Summ/Air       68%        N/A       7%          4
 Blade Hands              Tmut           39%        N/A       7%          5
 Conjure Ball Lightning   Conj/Air       44%        3x3d15    7%          6
 Leda's Liquefaction      Hex/Erth       43%        N/A       9%          4
 Freezing Cloud           Conj/Ice/Air   37%        6-21      9%          5
 Hailstorm                Conj/Ice       66%        3d14      10%         4
 Death Channel            Necr           43%        N/A       10%         6
 Manifold Assault         Tloc           73%        N/A       12%         5
 Freeze                   Ice            100%       1d11      19%         1
 Sandblast                Erth           62%        2d14      19%         1
 Summon Small Mammal      Summ           100%       N/A       19%         1
 Petrify                  Tmut/Erth      59%        N/A       21%         4
 Metabolic Englaciation   Hex/Ice        43%        N/A       26%         5
 Summon Mana Viper        Hex/Summ       86%        N/A       26%         5
 Call Imp                 Summ           31%        N/A       28%         2
 Borgnjor's Vile Clutch   Necr/Erth      33%        N/A       30%         5
 Call Canine Familiar     Summ           31%        N/A       50%         3
 Frozen Ramparts          Ice            62%        1d8       50%         3
 Ozocubu's Armour         Ice            31%        N/A       50%         3
 Summon Forest            Summ/Tloc      28%        N/A       61%         5
 Storm Form               Tmut/Air       42%        N/A       61%         7
 Iron Shot                Conj/Erth      33%        9d7       86%         6
 Simulacrum               Ice/Necr       33%        N/A       87%         6
 Animate Armour           Summ/Erth      62%        N/A       89%         4
 Summon Ice Beast         Ice/Summ       31%        N/A       89%         4
 Dragon Form              Tmut           39%        N/A       92%         7
 Maxwell's Capacitive Co  Air            45%        ∞         93%         8
 Statue Form              Tmut/Erth      39%        N/A       98%         6
 Discord                  Hex            55%        N/A       98%         8
 Lee's Rapid Deconstruct  Erth           15%        3d11*     99%         5
 Borgnjor's Revivificati  Necr           43%        N/A       99%         8
 Infestation              Necr           43%        N/A       99%         8
 Summon Cactus Giant      Summ           15%        N/A       100%        6
 Haunt                    Necr/Summ      33%        N/A       100%        7
 Monstrous Menagerie      Summ           15%        N/A       100%        7
 Ozocubu's Refrigeration  Ice            15%        4d8       100%        7
 Spellforged Servitor     Conj/Summ      33%        N/A       100%        7
 Summon Hydra             Summ           15%        N/A       100%        7
 Disjunction              Tloc           36%        N/A       100%        8
 Ignition                 Fire           40%        3d12      100%        8
 Lehudib's Crystal Spear  Conj/Erth      33%        10d8      100%        8
 Necromutation            Tmut/Necr      41%        N/A       100%        8
 Chain Lightning          Conj/Air       44%        3d59      100%        9
 Death's Door             Necr           43%        N/A       100%        9
 Dragon's Call            Summ           15%        N/A       100%        9
 Fire Storm               Conj/Fire      42%        8d11      100%        9


Dungeon Overview and Level Annotations

Branches:
Dungeon (15/15)            Temple (1/1) D:5            Lair (6/6) D:9
 Shoals (4/4) Lair:3       Spider (4/4) Lair:2          Orc (2/2) D:9
    Elf (3/3) Orc:2        Vaults (5/5) D:13          Crypt (3/3) Vaults:3
   Tomb (0/3) Crypt:3      Depths (4/4) D:15           Hell (visited)
    Dis (1/7) Hell            Geh (3/7) Hell            Coc (1/7) Hell
    Tar (1/7) Hell        Ossuary (visited)           IceCv (visited)
 WizLab (visited)         Desolation (visited)
  Slime: Lair:5-6       Zot: Depths:4

Altars:
Ashenzari
Cheibriados
Dithmenos
Elyvilon
Fedhas
Gozag
Hepliaklqana
Kikubaaqudgha
Makhleb
Nemelex Xobeh
Okawaru
Qazlal
Ru
Sif Muna
Trog
Uskayaw
Vehumet
Wu Jian
Xom
Yredelemnul
Zin
The Shining One
Beogh
Lugonu

Shops:
D:1 !   D:3 *   D:9 (   D:10 !?*   D:15 !*   Orc:2 ((:[[   Elf:2 =[   Elf:3 [*
Vaults:5 !

Portals:
Hell: Depths:1 Depths:2 Depths:3 Depths:4
Abyss: Lair:4 Depths:3
Pandemonium: Depths:1 Depths:2 Depths:4
Ziggurat: Depths:1

Annotations:
D:5 1 runed translucent door, Crazy Yiuf
Lair:4 6 runed translucent doors
Lair:5 exclusion: 4 oklob plants
Lair:6 exclusion: oklob plant
Shoals:3 Mlioglotl
Shoals:4 Roxanne
Spider:2 Arachne
Elf:1 1 runed translucent door
Elf:2 5 runed translucent doors
Vaults:2 3 runed translucent doors, Dublagg's ghost, veteran MiFi; Hianofua's ghost, adept DDFi
Depths:4 Mennas


Innate Abilities, Weirdness & Mutations

You are completely covered in slimy green scales. (AC +4, rPois)
You regenerate a lot of health from kills.
You are powered by pain.
Your melee attacks may debilitate your foes.
Your hexes are more powerful.
You are surrounded by an aura of silence.
You have a sharp stinger which inflicts weakening toxins.
You have a pair of small horns on your head.
You are very clumsy. (Dex -4)
Armour fits poorly on your strangely shaped body.
Your body sometimes deteriorates upon taking damage.
You are dopey. (Int -2)
Your magical capacity is very low. (-20% MP)
Your system is resistant to poisons. (rPois)
You frequently scream uncontrollably at your foes.
You are resistant to electric shocks. (rElec)
You are occasionally teleported next to monsters.
You are weak. (Str -2)
Potions are less effective at restoring your health.
Your spells are a little easier to cast, but a little less powerful.
You sometimes lose the ability to read scrolls when taking damage.
You expend magic power (3 MP) to strengthen your wands.


Message History

* * * LOW HITPOINT WARNING * * *
Unknown command.
You are too berserk!
You miss Xueleagg. You headbutt Xueleagg!
Xueleagg is lightly wounded.
Xueleagg sneers, "Kneel, thou feeble moon-mazed fleecer!"
Xueleagg stings you. Xueleagg corrodes you! Xueleagg stings you!
* * * LOW HITPOINT WARNING * * *
You focus on the pain.
You feel very mighty all of a sudden. Xueleagg corrodes you!
Unknown command.
You slice Xueleagg!!
Your weapon exudes an aura of protection.
Xueleagg is lightly wounded.
Xueleagg stings you. Xueleagg corrodes you! You block Xueleagg's attack.
The shadow demon gestures.
Your magical contamination has completely faded away.
Unknown command.
Unknown command.
Unknown command.
Unknown command.
You hit Xueleagg but do no damage.
Xueleagg is lightly wounded.
You block Xueleagg's attack. x2
Unknown command.
Unknown command.
You hit Xueleagg but do no damage.
You headbutt Xueleagg, but do no damage.
Xueleagg is lightly wounded.
The shadow demon is no longer weakened.
You block Xueleagg's attack. Xueleagg stings you.
* * * LOW HITPOINT WARNING * * *
Xueleagg corrodes you!
A shadow demon comes into view.
The smoke demon gestures at you. Something smites you!
* * * LOW HITPOINT WARNING * * *
The soul eater draws from the surrounding life force!
You die...

.......# #.#
.......# #2#
#.###### .1. #.#
#3# #.# #1# #.#
#### ####2####
..###..# #(.123.(#
.......# #&#
#####.## #@# #.#
#.# #.# #.##
#####.##### #..#
..........# ##.#
..........# #.#
....(.....# #.#
..........#######.#
..................#


You could see Xueleagg (unsilenced), 2 Tzitzimimeh, a green death (summoned), an
Executioner (summoned), a soul eater, 2 shadow demons and a smoke demon.

Vanquished Creatures
  2 pandemonium lords (Pan)
  2 ancient liches
  A juggernaut (Depths:2)
  Vv (Crypt:1)
  Boris (twice) (Depths:3 Vaults:5)
  Sojobo (Vaults:2)
  Margery (Depths:3)
  Frederick (Vaults:4)
  A caustic shrike (Depths:3)
  Xtahua (Crypt:2)
  Geryon (Hell)
  Nikola (Vaults:1)
  8 golden dragons
  Jory (Vaults:4)
  11 Tzitzimimeh
  5 bone dragons
  Rupert (D:12)
  3 hellephants
  2 tentacled monstrosities (Vaults:5)
  A searing wretch (Hell)
  2 shard shrike skeletons (Crypt:2)
  3 Ice Fiends
  5 titans (Vaults:5)
  7 liches
  Asterion (Spider:4)
  2 deep elf blademasters (Elf:3)
  2 deep elf master archers (Elf:3)
  A kraken (Shoals:3)
  2 tentacled starspawn
  4 sphinxes
  Kirke (Shoals:2)
  6 ancient champions
  An Executioner (Abyss:5)
  5 storm dragons
  A shadow dragon (Depths:2)
  5 revenants
  An azure jelly (shapeshifter) (Vaults:5)
  4 tengu reavers
  Ilsuiw (Shoals:3)
  4 deep elf sorcerers
  5 demonspawn warmongers (Pan)
  10 fire giants
  3 orc warlords
  A quicksilver elemental (Dis:1)
  2 emperor scorpions (Spider:4)
  2 imperial myrmidons (Desolation)
  9 frost giants
  14 cacodemons
  A fire giant (shapeshifter) (Vaults:5)
  23 vault wardens
  4 iron dragons
  A caustic shrike zombie (Abyss:3)
  6 balrugs
  6 ghost moths
  3 curse skulls
  A deep elf elementalist (Elf:3)
  13 reapers
  2 spriggan defenders
  A draconian stormcaller (Depths:4)
  16 ironbound preservers
  Aizul (Shoals:3)
  A demonspawn corrupter (Pan)
  10 war gargoyles
  A caustic shrike skeleton (Crypt:2)
  3 broodmothers
  9 ghouls
  A juggernaut skeleton (Crypt:2)
  15 stone giants
  19 very ugly things
  6 vampire knights
  An ophan (Abyss:4)
  2 demonspawn blood saints (Pan)
  A green draconian (Depths:4)
  13 deep elf demonologists
  9 deep elf annihilators
  3 halazid warlocks (Desolation)
  9 ironbound thunderhulks
  A lorocyproca (Pan)
  A black draconian (Depths:4)
  2 demonspawn black suns (Pan)
  3 purple draconians (Depths:4)
  3 entropy weavers
  3 yellow draconians (Depths:4)
  4 dire elephants (Vaults:2)
  9 spark wasps
  An eidolon (Crypt:2)
  3 green deaths (Pan)
  13 deep elf death magi
  A white draconian (Depths:4)
  A quicksilver dragon zombie (Crypt:1)
  5 ettins
  2 fire dragons (Depths:3)
  4 blizzard demons
  3 iron golems
  7 merfolk javelineers
  2 jiangshi
  12 merfolk impalers
  6 crystal guardians
  5 deep elf high priests
  9 ragged hierophants (Desolation)
  9 great orbs of eyes
  Erolcha (D:12)
  3 servants of whispers (Desolation)
  14 yaktaur captains
  Fannar (D:10)
  42 vault guards
  A quicksilver dragon skeleton (Crypt:2)
  3 rakshasas
  A fenstrider witch zombie (Crypt:2)
  12 centaur warriors
  11 ice dragons
  15 peacekeepers
  2 hell beasts
  5 salamander tyrants
  4 hydras
  4 radroaches
  6 boulder beetles
  A catoblepas (Lair:4)
  A fenstrider witch skeleton (Crypt:2)
  7 ironbound frosthearts
  5 spriggan air magi
  A juggernaut simulacrum (Coc:1)
  A jorogumo (Spider:2)
  2 merfolk avatars
  8 deep troll shamans
  3 ogre magi
  5 merfolk aquamancers
  3 death knights
  10 two-headed ogres
  21 dancing weapons
  A satyr (Shoals:4)
  9 deep troll earth magi
  6 thrashing horrors
  16 hell hogs
  6 orc high priests
  6 vampire magi
  8 tengu warriors
  3 death yaks
  5 spriggan berserkers (Depths:2)
  2 spriggans
  34 hell knights
  23 soul eaters
  36 skeletal warriors
  40 large abominations
  27 deep elf knights
  A storm dragon zombie (Hell)
  17 sun demons
  2 golden dragon zombies (Hell)
  11 sea snakes
  A shadow wraith (Abyss:5)
  10 sixfirhies (Pan)
  2 hellephant skeletons (Crypt:2)
  3 sun moths
  A titan skeleton (Crypt:3)
  2 quicksilver dragon simulacra (Coc:1)
  7 orb spiders
  13 iron trolls
  2 storm dragon skeletons (Crypt:2)
  A spark wasp zombie (Hell)
  7 pharaoh ants
  5 shadow demons
  3 flayed ghosts
  An obsidian statue (IceCv)
  65 deep trolls
  A bunyip zombie (Crypt:3)
  6 glowing orange brains
  6 steelbarb worms
  12 deep elf archers
  4 wizards
  9 bog bodies
  19 ironbound convokers
  19 orc knights
  7 lindwurms
  5 harpies
  36 deep elf pyromancers
  18 deep elf zephyrmancers
  2 shadow dragon zombies (Hell)
  A sphinx zombie (Hell)
  2 fire giant zombies (Hell)
  7 phantasmal warriors
  17 necromancers
  2 anaconda skeletons
  An iron dragon zombie (Hell)
  5 orc sorcerers
  41 ugly things
  12 manticores
  A jorogumo skeleton (Crypt:1)
  27 wolf spiders
  A frost giant zombie (Hell)
  A salamander (Depths:3)
  A shadow dragon skeleton (Vaults:2)
  12 cyclopes
  12 fauns
  A worldbinder (Abyss:3)
  22 vault sentinels
  2 shining eyes (Abyss:5)
  2 iron dragon skeletons (Crypt:1)
  An elephant (shapeshifter) (D:13)
  Maurice (D:12)
  16 smoke demons
  5 rust devils
  5 elephants (Lair:6)
  7 torpor snails
  8 merfolk sirens
  A dire elephant zombie (Crypt:3)
  3 guardian serpents
  8 water nymphs
  11 black mambas
  7 molten gargoyles
  2 titan simulacra (Coc:1)
  18 cane toads
  A gargoyle (D:13)
  3 eyes of devastation (Abyss:4)
  14 orange demons
  A storm dragon simulacrum (Crypt:1)
  A dire elephant skeleton (Crypt:1)
  3 naga skeletons (Crypt:2)
  A centaur skeleton (Crypt:2)
  16 hellions
  3 rime drakes
  3 unseen horrors
  Psyche (D:8)
  3 tormentors
  2 spriggan zombies (Hell)
  13 komodo dragons
  14 freezing wraiths
  A yaktaur (shapeshifter) (Elf:3)
  29 yaktaurs
  3 ice devils
  9 anaconda simulacra
  3 hellwings
  2 golden dragon simulacra (IceCv)
  2 efreet
  An entropy weaver simulacrum (IceCv)
  4 guardian mummies (Crypt:1)
  2 harpy zombies (Crypt:3)
  7 tengu conjurers
  13 demonic crawlers
  35 merfolk
  6 meliai
  A queen bee (shapeshifter) (Vaults:5)
  9 trolls
  4 red devils
  4 harpy skeletons
  A blink frog (shapeshifter) (D:15)
  2 dream sheep (Shoals:1)
  10 wind drakes
  51 saltlings (Desolation)
  26 tarantellas
  26 blink frogs
  48 slime creatures
  5 hornets
  7 snapping turtles
  A human simulacrum (Vaults:2)
  2 raiju (Abyss:5)
  53 flying skulls
  A fire dragon zombie (Crypt:3)
  30 jumping spiders
  2 ettin zombies
  26 water elementals
  17 culicivoras
  7 shadows
  A guardian serpent skeleton (Crypt:2)
  16 wyverns
  2 air elementals
  16 ynoxinuls
  8 wraiths
  A spriggan (shapeshifter) (D:13)
  2 deep troll skeletons
  Eustachio (D:6)
  5 basilisks
  56 yaks
  3 dire elephant simulacra (IceCv)
  5 fire elementals
  3 hogs (Shoals:2)
  20 neqoxecs
  7 golden eyes
  A hog (shapeshifter) (D:13)
  51 redbacks
  A redback (shapeshifter) (Vaults:5)
  8 vampire mosquitoes
  28 chaos spawn
  7 harpy simulacra
  A minotaur simulacrum (IceCv)
  10 steam dragons
  6 wargs
  7 acid dragons
  A merfolk zombie (Crypt:1)
  A naga zombie (Crypt:3)
  A swamp worm (shapeshifter) (Vaults:4)
  Duvessa (D:7)
  3 hell hounds (Hell)
  20 water moccasins
  A floating eye (Abyss:5)
  27 orc warriors
  3 ice beasts
  A lindwurm zombie (Crypt:2)
  A sky beast (D:7)
  2 black bears
  2 alligator simulacra (IceCv)
  3 ettin simulacra (IceCv)
  15 ogres
  19 small abominations
  7 wolves
  8 centaurs
  2 elf zombies
  3 kobold brigands (D:9)
  18 bullfrogs
  A yaktaur skeleton (Crypt:2)
  2 gnoll sergeants
  An elf skeleton (D:4)
  4 deep troll simulacra (IceCv)
  A scorpion (D:5)
  11 necrophages
  4 earth elementals
  Dowan (D:7)
  14 wights
  12 killer bees
  A lindwurm simulacrum (IceCv)
  A polar bear skeleton (Crypt:2)
  4 electric eels
  12 howler monkeys
  3 centaur zombies (Ossuary)
  3 hounds
  29 orc priests
  A human zombie (Crypt:1)
  3 jellies (D:7)
  An iron imp (D:7)
  2 gnoll shamans
  2 iguanas
  4 human skeletons
  Terence (D:3)
  An iguana (shapeshifter) (D:15)
  16 orc wizards
  15 hell rats
  2 ogre zombies (Ossuary)
  10 mummies
  8 gnolls
  10 adders
  2 river rats (D:9)
  2 white imps
  3 ufetubi
  4 adder zombies (Ossuary)
  An adder skeleton (Crypt:2)
  A worm (D:2)
  4 dart slugs
  66 orcs
  7 ball pythons
  5 bats
  3 endoplasms
  3 giant cockroaches
  3 goblins
  10 hobgoblins
  4 quokkas
  A ball python zombie (Crypt:2)
  A frilled lizard (D:1)
  A gnoll zombie (Ossuary)
  4 goblin zombies (Ossuary)
  6 hobgoblin zombies (Ossuary)
  7 kobolds
  A kobold zombie (Ossuary)
  An orc skeleton (D:4)
  An orc zombie (D:4)
  4 quokka zombies (Ossuary)
  7 rats
  5 rat zombies
  4 fire vortices (Geh:1)
  3 pillars of salt (Desolation)
  3 tentacles (Shoals:3)
2698 creatures vanquished.

Vanquished Creatures (collateral kills)
  A soul eater (Pan)
  A large abomination (Pan)
2 creatures vanquished.

Vanquished Creatures (others)
  A fire giant (Geh:2)
  A caustic shrike zombie (Hell)
  A very ugly thing (Vaults:1)
  A ragged hierophant (Desolation)
  A great orb of eyes (Abyss:4)
  A deep troll (Vaults:2)
  A deep elf zephyrmancer (Elf:2)
  A manticore (Shoals:4)
  A large abomination (Abyss:4)
  2 saltlings (Desolation)
  An orc warrior (Elf:3)
  An orc wizard (D:8)
  A creeping inferno (Geh:1)
  A fire vortex (Geh:2)
  55 fungi
  A lurking horror (Lair:4)
  265 plants
  5 starspawn tentacles
  4 tentacles (Shoals:3)
  3 withered plants
348 creatures vanquished.

Grand Total: 3048 creatures vanquished

Notes
Turn   | Place    | Note
-------+----------+-------------------------------------------
     0 | D:1      | Morbidden the Demonspawn Venom Mage began the quest for the
                  | Orb.
     0 | D:1      | Reached XP level 1. HP: 13/13 MP: 3/3
   259 | D:1      | Gained mutation: You are partially covered in slimy green
                  | scales. (AC +2) [demonic ancestry]
   259 | D:1      | Reached XP level 2. HP: 20/20 MP: 0/5
   317 | D:1      | Found Ceamo's Distillery.
   514 | D:1      | Reached skill level 1 in Transmutations
   866 | D:1      | Found a faded altar of an unknown god.
  1430 | D:2      | Found the +2 shield of Resistance {rF++ rC++ Will++}
  1442 | D:2      | Gained mutation: You are mostly covered in slimy green
                  | scales. (AC +3) [demonic ancestry]
  1442 | D:2      | Reached XP level 3. HP: 19/25 MP: 1/6
  1764 | D:2      | Learned a level 2 spell: Poisonous Vapours
  2446 | D:3      | Found Nug Hul's General Store.
  2774 | D:3      | Noticed Terence
  2784 | D:3      | Killed Terence
  2785 | D:3      | Reached skill level 1 in Fighting
  2785 | D:3      | Reached XP level 4. HP: 21/32 MP: 1/8
  3393 | D:4      | Gained mutation: You are partially covered in large bone
                  | plates. (SH +4) [potion of mutation]
  3393 | D:4      | Gained mutation: You have a pair of small antennae on your
                  | head. [potion of mutation]
  3405 | D:4      | Reached skill level 3 in Spellcasting
  3405 | D:4      | Reached XP level 5. HP: 7/37 MP: 2/9
  3616 | D:4      | Reached skill level 1 in Air Magic
  3626 | D:4      | Found a sand-covered staircase.
  3702 | Ossuary  | Entered an ossuary
  5116 | Ossuary  | Gained mutation: You are completely covered in slimy green
                  | scales. (AC +4, rPois) [demonic ancestry]
  5116 | Ossuary  | Reached XP level 6. HP: 43/43 MP: 0/11
  5216 | Ossuary  | Reached skill level 1 in Short Blades
  5216 | Ossuary  | Reached skill level 1 in Shields
  5789 | Ossuary  | Reached skill level 4 in Spellcasting
  6894 | D:4      | Gained mutation: You have a small tail. [demonic ancestry]
  6894 | D:4      | Reached XP level 7. HP: 33/49 MP: 13/13
  7941 | D:4      | Found a hazy altar of Hepliaklqana.
  7943 | D:4      | Found a broken altar of Ashenzari.
  7944 | D:4      | Found a sparkling altar of Nemelex Xobeh.
  7946 | D:4      | Found an ornate altar of the Wu Jian Council.
  8014 | D:5      | Entered Level 5 of the Dungeon
  8085 | D:5      | Reached skill level 5 in Spellcasting
  8227 | D:5      | Identified the +0 dagger "Demonbane" {drain, *Corrode Str+6
                  | Dex+8}
  8677 | D:5      | Reached XP level 8. HP: 57/57 MP: 13/16
  8851 | D:5      | Found a staircase to the Ecumenical Temple.
  9875 | D:5      | Learned a level 2 spell: Blink
 10014 | D:5      | Found a runed translucent door.
 10015 | D:5      | Noticed Crazy Yiuf
 10137 | D:5      | Reached skill level 6 in Spellcasting
 10337 | Temple   | Entered the Ecumenical Temple
 10635 | D:6      | Noticed Eustachio
 10668 | D:6      | Killed Eustachio
 10669 | D:6      | Reached skill level 1 in Long Blades
 11110 | D:6      | Learned a level 4 spell: Olgreb's Toxic Radiance
 11410 | D:6      | Identified 2 scrolls of acquirement
 11411 | D:6      | Acquired a +2 pair of gloves of stealth
 11418 | D:6      | Acquired the +4 ring mail of Distant Worlds {Contam rElec
                  | rC+++ Regen+}
 11543 | D:6      | Reached skill level 5 in Poison Magic
 11543 | D:6      | Gained mutation: You regenerate a little health from kills.
                  | [demonic ancestry]
 11543 | D:6      | Reached XP level 9. HP: 64/64 MP: 19/19
 11835 | D:7      | Reached skill level 1 in Translocations
 11969 | D:7      | Noticed Dowan
 12004 | D:7      | Reached skill level 1 in Armour
 12121 | D:7      | Found a snail-covered altar of Cheibriados.
 12223 | D:7      | Became a worshipper of Cheibriados the Contemplative
 12443 | D:7      | Reached skill level 7 in Spellcasting
 12628 | D:7      | Noticed Duvessa
 12646 | D:7      | Killed Duvessa
 12651 | D:7      | Killed Dowan
 12881 | D:8      | Noticed Psyche
 12885 | D:8      | Reached * piety under Cheibriados
 12888 | D:8      | Gained mutation: You sometimes gain a little power by
                  | taking damage. [demonic ancestry]
 12888 | D:8      | Reached XP level 10. HP: 71/71 MP: 8/21
 12891 | D:8      | Killed Psyche
 13164 | D:8      | Found a radiant altar of Vehumet.
 13164 | D:8      | Found an opulent altar of Gozag.
 13255 | D:8      | Found a shimmering altar of Xom.
 13324 | D:8      | Noticed a two-headed ogre
 13337 | D:8      | Killed a two-headed ogre
 13488 | D:9      | Noticed a death yak
 13514 | D:9      | Noticed a death yak
 13536 | D:8      | Killed a death yak
 13537 | D:8      | Reached skill level 8 in Spellcasting
 13721 | D:9      | Noticed a death yak
 13843 | D:9      | Reached ** piety under Cheibriados
 14076 | D:8      | Reached skill level 5 in Shields
 14146 | D:9      | Identified the +2 kite shield of Heschuz {rElec rF++ rC+++
                  | Dex-2}
 14191 | D:9      | Found a burning altar of Makhleb.
 14196 | D:9      | Identified the +0 robe of Light {Fly}
 14223 | D:9      | Found a bloodstained altar of Trog.
 14422 | D:9      | Found a staircase to the Lair.
 14431 | D:10     | Entered Level 10 of the Dungeon
 14572 | D:10     | Reached *** piety under Cheibriados
 14591 | D:10     | Found Pegg's General Store.
 14622 | D:10     | Noticed Fannar
 14658 | D:10     | Killed Fannar
 14659 | D:10     | Reached XP level 11. HP: 78/78 MP: 12/23
 14793 | D:10     | Reached skill level 1 in Invocations
 14793 | D:10     | Identified the +7 falchion of Kux Turene {drain, *Noise
                  | Str+4 Dex+3}
 14793 | D:10     | Noticed a tengu warrior
 14805 | D:10     | Killed a tengu warrior
 14873 | D:10     | You fall into a shaft and drop 2 floors!
 14887 | D:12     | Noticed Rupert
 14897 | D:12     | Noticed Erolcha
 14914 | D:12     | Killed Erolcha
 14915 | D:12     | Reached skill level 5 in Short Blades
 14919 | D:12     | Noticed a cyan ugly thing
 14930 | D:12     | Killed a green ugly thing
 15111 | D:10     | Noticed a two-headed ogre
 15121 | D:10     | Killed a two-headed ogre
 15134 | D:10     | Reached skill level 5 in Fighting
 15165 | D:10     | Reached **** piety under Cheibriados
 15267 | D:10     | Noticed a centaur warrior
 15284 | D:10     | Killed a centaur warrior
 15355 | D:10     | Found a sacrificial altar of Ru.
 15453 | D:10     | Got Sif Muna's Reference Book on the Escort and Flames
 15472 | D:10     | Identified the +6 hunting sling of Huit {freeze, *Slow Fly
                  | rF+ Dex+4}
 15472 | D:10     | Noticed a death knight
 15542 | D:11     | Noticed a two-headed ogre
 15554 | D:11     | Killed a two-headed ogre
 15555 | D:11     | Reached skill level 9 in Spellcasting
 15555 | D:11     | Gained mutation: You have a tail ending in a sharp stinger.
                  | [demonic ancestry]
 15555 | D:11     | Reached XP level 12. HP: 45/86 MP: 23/25
 16198 | D:9      | Killed a death yak
 16204 | D:9      | Killed a death yak
 16205 | D:9      | Reached skill level 5 in Invocations
 16423 | D:9      | Found a staircase to the Orcish Mines.
 16432 | D:9      | Found Garocar's Weapon Shoppe.
 16437 | D:9      | Reached ***** piety under Cheibriados
 16476 | D:9      | Bought 5 curare-tipped darts for 33 gold pieces
 16481 | D:9      | Learned a level 4 spell: Iskenderun's Mystic Blast
 16633 | D:9      | Found a basalt altar of Yredelemnul.
 16824 | Lair:1   | Entered Level 1 of the Lair of Beasts
 16863 | Lair:1   | Reached skill level 5 in Long Blades
 16933 | Lair:1   | Reached skill level 5 in Translocations
 17217 | Lair:1   | You fall into a shaft and drop 1 floor!
 17336 | Lair:2   | Found a hole to the Spider Nest.
 17339 | Lair:2   | Identified the +8 hunting sling of Midnight {flame, Drain
                  | Str+6 Dex+4 SInv}
 17660 | Lair:2   | Reached skill level 1 in Conjurations
 18730 | Lair:3   | Noticed an eight-headed hydra
 18745 | Lair:3   | Killed an eight-headed hydra
 18746 | Lair:3   | Reached XP level 13. HP: 66/93 MP: 26/26
 19029 | Lair:3   | Found a staircase to the Shoals.
 19034 | Lair:3   | Reached ****** piety under Cheibriados
 19567 | Lair:4   | Found a corrupted altar of Lugonu.
 19571 | Lair:4   | Found a one-way gate to the infinite horrors of the Abyss.
 19747 | Lair:4   | Found a runed translucent door.
 20023 | Lair:4   | Found a runed translucent gate.
 20023 | Lair:4   | Found a runed translucent gate.
 20023 | Lair:4   | Identified the +1 whip "Kuozuk" {vorpal, rPois Str+5 Dex-2}
 20024 | Lair:4   | Found a runed translucent gate.
 20024 | Lair:4   | Found a runed translucent gate.
 20024 | Lair:4   | Found a runed translucent gate.
 20024 | Lair:4   | Identified the +0 hat "Tiegruyxt" {Harm Int+3 Dex+3}
 20025 | Lair:4   | Found a runed translucent gate.
 20180 | Lair:5   | Reached skill level 10 in Spellcasting
 20505 | Lair:5   | Learned a level 2 spell: Scorch
 21197 | Lair:6   | Entered Level 6 of the Lair of Beasts
 21212 | Lair:6   | Reached skill level 1 in Fire Magic
 21541 | Lair:6   | Reached XP level 14. HP: 101/101 MP: 12/28
 21764 | Lair:6   | Reached skill level 11 in Spellcasting
 22526 | D:10     | Found Uciaps Hefag's Distillery.
 22531 | D:10     | Bought 2 potions of heal wounds for 160 gold pieces
 22531 | D:10     | Bought 2 potions of might for 128 gold pieces
 22555 | D:10     | Found Myluassa's Magic Scroll Shop.
 22860 | D:10     | Found a stormy altar of Qazlal.
 22946 | D:10     | Reached skill level 5 in Dodging
 23096 | D:12     | Noticed Maurice
 23102 | D:12     | Killed Maurice
 23193 | D:12     | Killed Rupert
 23502 | D:12     | Identified the +1 ring mail of the Orb Guardian {Harm
                  | Rampage rPois Stlth-}
 23653 | D:12     | Found a portal to a secret trove of treasure.
 23817 | D:10     | Bought a scroll of blinking for 105 gold pieces
 23917 | D:12     | You paid a toll of 4 scrolls of blinking to enter a
                  | treasure trove
 23918 | Trove    | Entered a treasure trove
 23946 | Trove    | Got the Handbook of Creative Translocation
 23960 | Trove    | Got Sif Muna's Grimoire of Unstable Unholy Rituals
 23963 | Trove    | Got the Handbook of Hurtful Contamination
 23966 | Trove    | Got Sif Muna's Compendium of the Traveller and Summoning
 23980 | Trove    | Got the Tome of Conjuration and Transformation
 24045 | D:13     | Found a gate to the Vaults.
 24324 | D:13     | Gained mutation: You regenerate health from kills. [demonic
                  | ancestry]
 24324 | D:13     | Reached XP level 15. HP: 105/110 MP: 6/30
 24375 | D:13     | Noticed a fire giant
 24377 | D:13     | Noticed a sphinx
 24379 | D:13     | Identified the ring "Ellouss" {Wiz Dex+7}
 24379 | D:13     | Noticed a frost giant
 24386 | D:13     | Killed a sphinx
 24388 | D:13     | Killed a fire giant
 24391 | D:13     | Killed a frost giant
 24686 | D:13     | Identified the +4 spear of a volcano {protect, rC++}
 24730 | D:13     | Noticed a storm dragon
 24741 | D:13     | Killed a storm dragon
 24742 | D:13     | Reached skill level 5 in Conjurations
 25923 | D:14     | Found an ornate altar of the Wu Jian Council.
 26278 | D:15     | Entered Level 15 of the Dungeon
 26461 | D:15     | Found a hazy altar of Hepliaklqana.
 26553 | D:15     | Reached skill level 10 in Invocations
 26995 | D:15     | Found a staircase to the Depths.
 27117 | D:15     | Found Aruam's Gadget Gallery.
 27161 | D:15     | Found Miopug's Distillery.
 27298 | D:15     | Found a shimmering blue altar of Sif Muna.
 27470 | Orc:1    | Entered Level 1 of the Orcish Mines
 27880 | Orc:2    | Entered Level 2 of the Orcish Mines
 27958 | Orc:2    | Found a staircase to the Elven Halls.
 27974 | Orc:2    | Found Fosmyim's Antique Weapon Boutique.
 28052 | Orc:2    | Found Berrorre's Antique Weapon Shoppe.
 28054 | Orc:2    | Reached XP level 16. HP: 101/118 MP: 9/31
 28055 | Orc:2    | Reached skill level 12 in Spellcasting
 28075 | Orc:2    | Reached skill level 5 in Air Magic
 28081 | Orc:2    | Found Zani's Antique Armour Shop.
 28088 | Orc:2    | Found Deghienn's Armour Shop.
 28090 | Orc:2    | Found Niugoah's Book Shoppe.
 28994 | Spider:1 | Entered Level 1 of the Spider Nest
 29449 | Spider:1 | Learned a level 6 spell: Eringya's Noxious Bog
 29820 | Spider:2 | Noticed Arachne
 29839 | Spider:2 | Reached skill level 10 in Shields
 30430 | Spider:3 | Reached skill level 5 in Fire Magic
 30845 | Spider:3 | Gained mutation: You regenerate a lot of health from kills.
                  | [demonic ancestry]
 30845 | Spider:3 | Reached XP level 17. HP: 123/124 MP: 33/33
 31249 | Spider:4 | Entered Level 4 of the Spider Nest
 31355 | Spider:4 | Got the Almanac of Confrontation
 31426 | Spider:4 | Noticed Asterion
 31437 | Spider:4 | Reached skill level 13 in Spellcasting
 31442 | Spider:4 | Killed Asterion
 32148 | Spider:4 | Got a gossamer rune of Zot
 32157 | Spider:4 | Identified the +0 pair of boots of Dishonour {rN+}
 32376 | Shoals:1 | Entered Level 1 of the Shoals
 33778 | Shoals:2 | Noticed Kirke
 33791 | Shoals:2 | Reached skill level 5 in Transmutations
 33797 | Shoals:2 | Killed Kirke
 34965 | Shoals:3 | Noticed Ilsuiw
 34992 | Shoals:3 | Killed Ilsuiw
 35148 | Shoals:3 | Gained mutation: You have a sharp stinger which inflicts
                  | weakening toxins. [demonic ancestry]
 35148 | Shoals:3 | Reached XP level 18. HP: 133/133 MP: 24/35
 35223 | Shoals:3 | Noticed Aizul
 35239 | Shoals:3 | Reached skill level 10 in Long Blades
 35247 | Shoals:3 | Killed Aizul
 35595 | Shoals:3 | Identified the +9 war axe of Vothre Ciaqon {spect, Will+
                  | Str+2 Int+2}
 35698 | Shoals:3 | Noticed Mlioglotl
 35760 | Shoals:4 | Entered Level 4 of the Shoals
 35992 | Shoals:4 | Identified Roxanne's Disquisition on Earth
 35992 | Shoals:4 | Noticed Roxanne
 36262 | Shoals:4 | Found the dreamshard necklace {*Dream Drain}
 36815 | Shoals:4 | Got a barnacled rune of Zot
 36985 | Shoals:4 | Reached skill level 14 in Spellcasting
 37042 | Shoals:4 | Reached skill level 5 in Armour
 37229 | Shoals:4 | Identified the ring "Qitterph" {rC+ rCorr}
 38699 | Elf:1    | Entered Level 1 of the Elven Halls
 38699 | Elf:1    | Found a runed translucent gate.
 38699 | Elf:1    | Found a runed translucent gate.
 38699 | Elf:1    | Found a runed translucent gate.
 38699 | Elf:1    | Found a runed translucent gate.
 38699 | Elf:1    | Found a runed translucent gate.
 38699 | Elf:1    | Found a runed translucent gate.
 38700 | Elf:1    | Found a runed translucent door.
 38716 | Elf:1    | Found a runed translucent door.
 38905 | Elf:1    | Found a frozen archway.
 38909 | IceCv    | Entered an ice cave
 39383 | IceCv    | Found an ancient bone altar of Kikubaaqudgha.
 39624 | IceCv    | Noticed a lich
 39632 | IceCv    | Killed a lich
 39870 | IceCv    | Found the +8 frozen axe "Frostbite" {freezing cloud, *Noise
                  | Fly rC+}
 40058 | Elf:1    | Reached skill level 10 in Fighting
 40204 | Elf:1    | Paralysed by an air elemental for 1 turns
 40460 | Elf:1    | Learned a level 5 spell: Fireball
 40467 | Elf:1    | Learned a level 6 spell: Starburst
 41084 | Elf:2    | Gained mutation: Your hexes are more powerful. [demonic
                  | ancestry]
 41084 | Elf:2    | Reached XP level 19. HP: 140/140 MP: 15/37
 41092 | Elf:2    | Learned a level 7 spell: Enfeeble
 41237 | Elf:2    | Paralysed by an air elemental for 1 turns
 41251 | Elf:2    | Reached skill level 1 in Hexes
 41669 | Elf:2    | Found Geluxkoi's Jewellery Shoppe.
 41942 | Elf:2    | Found a huge runed translucent gate.
 41942 | Elf:2    | Found a huge runed translucent gate.
 41942 | Elf:2    | Found a huge runed translucent gate.
 41942 | Elf:2    | Found a huge runed translucent gate.
 41943 | Elf:2    | Found a huge runed translucent gate.
 41987 | Elf:2    | Found Zetaec's Distillery.
 42026 | Elf:2    | Found Fehuraes's Armour Boutique.
 42198 | Elf:3    | Entered Level 3 of the Elven Halls
 42478 | Elf:3    | Gained mutation: Your body sometimes deteriorates upon
                  | taking damage. [a neqoxec]
 42551 | Elf:3    | Lost mutation: Your body sometimes deteriorates upon taking
                  | damage. [potion of mutation]
 42551 | Elf:3    | Lost mutation: You are partially covered in large bone
                  | plates. (SH +4) [potion of mutation]
 42551 | Elf:3    | Lost mutation: You have a pair of small antennae on your
                  | head. [potion of mutation]
 42551 | Elf:3    | Gained mutation: Your body sometimes deteriorates upon
                  | taking damage. [potion of mutation]
 42551 | Elf:3    | Gained mutation: You are strong-willed. (Will+) [potion of
                  | mutation]
 42551 | Elf:3    | Lost mutation: Your body sometimes deteriorates upon taking
                  | damage. [potion of mutation]
 42609 | Elf:3    | Found Heesia's Armour Shop.
 42614 | Elf:3    | Found Siosis's Assorted Antiques.
 43388 | Elf:3    | Reached skill level 10 in Poison Magic
 43424 | Elf:3    | Identified the +3 rapier of Cruel Justice {pain, *Slow
                  | Int+7 Dex+2 Stlth+}
 43426 | Elf:3    | Identified the +11 rapier of Invincibility {speed, rPois
                  | Str+3 Int+4}
 43436 | Elf:3    | Identified the amulet "Higgulud" {Acrobat Int+5}
 43464 | Elf:3    | Identified the +6 broad axe of Saltpetre {vorpal, Str+4}
 43506 | Elf:3    | Got the Catalogue of Illusion
 44051 | Vaults:1 | Entered Level 1 of the Vaults
 44609 | Vaults:1 | Noticed Nikola
 44630 | Vaults:1 | Killed Nikola
 44909 | Vaults:1 | Reached XP level 20. HP: 149/149 MP: 19/38
 45095 | Vaults:1 | Reached skill level 15 in Spellcasting
 46070 | Vaults:2 | Found a flickering gateway to a bazaar.
 46101 | Bazaar   | Entered a bazaar
 46157 | Bazaar   | Found Ydonuan's Weapon Emporium.
 46179 | Bazaar   | Found Pahy's Weapon Shoppe.
 46183 | Bazaar   | Found Turgh's Assorted Antiques.
 46190 | Bazaar   | Found Dapyl's Distillery.
 46192 | Bazaar   | Bought a scroll of magic mapping for 66 gold pieces
 46203 | Bazaar   | Bought a potion of curing for 57 gold pieces
 46574 | Vaults:2 | Reached skill level 10 in Air Magic
 46583 | Vaults:2 | Learned a level 6 spell: Dispersal
 46975 | Vaults:2 | Found a runed translucent gate.
 46975 | Vaults:2 | Found a runed translucent gate.
 46975 | Vaults:2 | Noticed Sojobo
 46977 | Vaults:2 | Found a runed translucent gate.
 46988 | Vaults:2 | Killed Sojobo
 47125 | Vaults:2 | Noticed Hianofua's ghost (adept DDFi)
 47125 | Vaults:2 | Noticed Dublagg's ghost (veteran MiFi)
 47852 | Vaults:2 | Reached skill level 5 in Hexes
 47898 | Vaults:2 | Learned a level 4 spell: Airstrike
 48211 | Vaults:3 | Found a crumbling gateway.
 48230 | Desolati | Entered the Desolation of Salt
 48260 | Desolati | Reached skill level 10 in Conjurations
 48267 | Desolati | Reached skill level 10 in Dodging
 48515 | Desolati | Got the Guide on Flamy Flight
 48584 | Desolati | Gained mutation: Your melee attacks may debilitate your
                  | foes. [demonic ancestry]
 48584 | Desolati | Reached XP level 21. HP: 145/156 MP: 33/40
 48915 | Desolati | Identified the +10 long sword "Farph" {protect, Contam
                  | *Rage Str+6 Int+9}
 48933 | Desolati | Identified the +6 war axe of Prudence {freeze, Int+4 SInv}
 48936 | Desolati | Identified the +5 shortbow of Tension {freeze, rN++ Will++
                  | Int+4}
 49042 | Desolati | Got the Collected Works on Companions
 49047 | Desolati | Got the Guide on the Excruciating Rocks
 49049 | Desolati | Identified the amulet "Woybruad" {rPois Regen+ Dex+4
                  | Stlth-}
 49542 | Vaults:3 | Found a staircase to the Crypt.
 49562 | Vaults:3 | Reached skill level 5 in Stealth
 50433 | Vaults:4 | Reached skill level 16 in Spellcasting
 50441 | Vaults:4 | Noticed Frederick
 50469 | Vaults:4 | Killed Frederick
 50512 | Vaults:4 | Found a magical portal.
 50534 | WizLab   | Entered Doroklohe's Tomb
 50733 | WizLab   | Gained mutation: Armour fits poorly on your strangely
                  | shaped body. [a neqoxec]
 50744 | WizLab   | Gained mutation: You are clumsy. (Dex -2) [a neqoxec]
 51030 | Vaults:4 | Lost mutation: You are clumsy. (Dex -2) [potion of
                  | mutation]
 51030 | Vaults:4 | Lost mutation: You are strong-willed. (Will+) [potion of
                  | mutation]
 51030 | Vaults:4 | Lost mutation: Armour fits poorly on your strangely shaped
                  | body. [potion of mutation]
 51030 | Vaults:4 | Gained mutation: You are strong-willed. (Will+) [potion of
                  | mutation]
 51030 | Vaults:4 | Gained mutation: You have large cloven feet. [potion of
                  | mutation]
 51030 | Vaults:4 | Gained mutation: You are agile. (Dex +2) [potion of
                  | mutation]
 51030 | Vaults:4 | Gained mutation: You are resistant to electric shocks.
                  | (rElec) [potion of mutation]
 51528 | Vaults:4 | Noticed Jory
 51543 | Vaults:4 | Killed Jory
 52302 | Depths:1 | Entered Level 1 of the Depths
 52455 | Depths:1 | Found a one-way gate leading to the halls of Pandemonium.
 52551 | Depths:1 | Gained mutation: You are surrounded by an aura of silence.
                  | [demonic ancestry]
 52551 | Depths:1 | Reached XP level 22. HP: 162/165 MP: 18/42
 52552 | Depths:1 | Found a one-way gateway to a ziggurat.
 52750 | Depths:1 | Reached skill level 1 in Necromancy
 52753 | Depths:1 | Found a gateway to Hell.
 52833 | Depths:1 | Found an ancient bone altar of Kikubaaqudgha.
 52858 | Depths:1 | Found a hide-covered altar of Uskayaw.
 54139 | Depths:2 | Found an iron altar of Okawaru.
 54208 | Depths:2 | Noticed a juggernaut
 54226 | Depths:2 | Killed a juggernaut
 54230 | Depths:2 | Noticed a caustic shrike
 55463 | Depths:2 | Noticed a golden dragon
 55470 | Depths:2 | Killed a golden dragon
 55698 | Depths:3 | Killed a caustic shrike
 55713 | Depths:3 | Noticed Margery
 55725 | Depths:3 | Killed Margery
 55974 | Depths:3 | Reached skill level 5 in Necromancy
 56175 | Depths:3 | Noticed Boris
 56208 | Depths:3 | Killed Boris
 57481 | Depths:4 | Entered Level 4 of the Depths
 57488 | Depths:4 | Reached skill level 17 in Spellcasting
 57491 | Depths:4 | Reached XP level 23. HP: 132/173 MP: 20/44
 58349 | Depths:4 | Lost mutation: You are agile. (Dex +2) [mutagenic glow]
 58846 | Depths:4 | Noticed Mennas
 58909 | Depths:3 | Acquired 816 gold pieces
 59220 | Crypt:1  | Entered Level 1 of the Crypt
 60098 | Crypt:1  | Reached skill level 10 in Hexes
 60524 | Crypt:1  | Found the +6 Majin-Bo {vamp, MP+6 Int+6}
 60587 | Crypt:1  | Noticed Vv
 60606 | Crypt:1  | Reached skill level 10 in Fire Magic
 60649 | Crypt:1  | Killed Vv
 61532 | Crypt:2  | Noticed Xtahua
 61544 | Crypt:2  | Killed Xtahua
 61859 | Crypt:2  | Got Cune Nys's Volume of Enthralling Calling
 62437 | Crypt:2  | Reached XP level 24. HP: 145/182 MP: 8/44
 63380 | Crypt:3  | Entered Level 3 of the Crypt
 64620 | Crypt:3  | Found a basalt altar of Yredelemnul.
 64620 | Crypt:3  | Noticed an ancient lich
 64629 | Crypt:3  | Killed an ancient lich
 64695 | Crypt:3  | Got Afoeppiff's Guide on Sinister Rites
 64708 | Crypt:3  | Identified the +8 plate armour of the Constellations
                  | {rPois}
 65367 | Crypt:3  | Found a staircase to the Tomb.
 66005 | Vaults:5 | Entered Level 5 of the Vaults
 66012 | Vaults:5 | Noticed Boris
 66016 | Vaults:5 | Reached skill level 18 in Spellcasting
 66054 | Vaults:5 | Killed Boris
 66059 | Vaults:5 | Reached skill level 10 in Necromancy
 66292 | Vaults:5 | Identified the +7 morningstar "Unixiar" {drain, rElec rPois
                  | rF++ Str-2}
 66365 | Vaults:5 | Identified the +7 halberd "Dikiceu" {drain, *Noise rCorr
                  | Stlth+}
 66391 | Vaults:5 | Reached XP level 25. HP: 191/191 MP: 17/45
 66406 | Vaults:5 | Identified the +3 long sword of Suicidal Tendencies {vamp,
                  | Fly Str-3 Dex+7}
 66610 | Vaults:5 | Noticed a shard shrike
 66709 | Vaults:5 | Identified the +10 short sword "Edigomat" {speed, rF+ Will+
                  | Dex+4}
 66989 | Vaults:5 | Identified the +5 shortbow of Botagiga {venom, Str+3 SInv}
 67319 | Vaults:5 | Identified the +4 hunting sling of Famine {freeze, rElec}
 67319 | Vaults:5 | Noticed an ancient lich
 67349 | Vaults:5 | Killed an ancient lich
 67540 | Vaults:5 | Got a silver rune of Zot
 67779 | Vaults:5 | Identified the +2 pair of gloves of the Quahog {Rampage}
 67815 | Vaults:5 | Found Zeuniuxo's Distillery.
 68200 | Vaults:5 | Got the Grimoire of Confrontation
 68518 | Depths:3 | Voluntarily entered the Abyss.
 68518 | Abyss:1  | Found a sparkling altar of Nemelex Xobeh.
 68551 | Abyss:2  | Found a corrupted altar of Lugonu.
 68561 | Abyss:2  | Found a corrupted altar of Lugonu.
 68764 | Abyss:3  | Found a corrupted altar of Lugonu.
 68988 | Abyss:5  | Entered Level 5 of the Abyss
 68990 | Abyss:5  | Gained mutation: You are weak. (Str -2) [a cacodemon]
 68991 | Abyss:5  | Gained mutation: Armour fits poorly on your strangely
                  | shaped body. [a cacodemon]
 68993 | Abyss:5  | Gained mutation: You occasionally shout uncontrollably at
                  | your foes. [a shining eye]
 68995 | Abyss:5  | Gained mutation: You are frail. (-10% HP) [a cacodemon]
 69013 | Abyss:5  | Reached skill level 19 in Spellcasting
 69013 | Abyss:5  | Gained mutation: You sometimes gain power by taking damage.
                  | [demonic ancestry]
 69013 | Abyss:5  | Reached XP level 26. HP: 179/179 MP: 11/46
 69013 | Abyss:5  | Gained mutation: You are powered by pain. [demonic
                  | ancestry]
 69013 | Abyss:5  | Reached XP level 27. HP: 184/184 MP: 11/46
 69013 | Abyss:5  | Got an abyssal rune of Zot
 69045 | Abyss:5  | Found a corrupted altar of Lugonu.
 69085 | Depths:3 | Escaped the Abyss
 69102 | Depths:3 | Lost mutation: Armour fits poorly on your strangely shaped
                  | body. [potion of mutation]
 69102 | Depths:3 | Lost mutation: You are weak. (Str -2) [potion of mutation]
 69102 | Depths:3 | Gained mutation: You are clumsy. (Dex -2) [potion of
                  | mutation]
 69103 | Depths:3 | Lost mutation: You are strong-willed. (Will+) [potion of
                  | mutation]
 69103 | Depths:3 | Lost mutation: You are frail. (-10% HP) [potion of
                  | mutation]
 69103 | Depths:3 | Gained mutation: You expend magic power (3 MP) to
                  | strengthen your wands. [potion of mutation]
 69264 | Hell     | Entered the Vestibule of Hell
 69264 | Hell     | Noticed Geryon
 69797 | Hell     | Killed Geryon
 70121 | Hell     | Found a gateway to the ashen valley of Gehenna.
 70208 | Hell     | Found a gateway to the Iron City of Dis.
 70569 | Hell     | Found a gateway to the freezing wastes of Cocytus.
 70675 | Hell     | Found a gateway to the decaying netherworld of Tartarus.
 70811 | Geh:1    | Entered Level 1 of Gehenna
 71341 | Coc:1    | Entered Level 1 of Cocytus
 71341 | Coc:1    | Noticed a dread lich
 71479 | Tar:1    | Entered Level 1 of Tartarus
 71524 | Dis:1    | Entered Level 1 of the Iron City of Dis
 72474 | Pan      | Entered Pandemonium
 72669 | Pan      | HP: 6/199 [demonspawn warmonger/+0 demon whip of freezing
                  | (19)]
 73046 | Pan      | Reached skill level 15 in Shields
 73402 | Pan      | Gained mutation: You are very clumsy. (Dex -4) [a
                  | cacodemon]
 73406 | Pan      | Gained mutation: You sometimes lose the ability to read
                  | scrolls when taking damage. [a cacodemon]
 73419 | Pan      | Gained mutation: You tend to lose your temper in combat. [a
                  | cacodemon]
 73420 | Pan      | Noticed Jutwijer the pandemonium lord
 73421 | Pan      | Gained mutation: Armour fits poorly on your strangely
                  | shaped body. [a cacodemon]
 73429 | Pan      | Lost mutation: You sometimes lose the ability to read
                  | scrolls when taking damage. [a cacodemon]
 73436 | Pan      | Gained mutation: You are dopey. (Int -2) [a cacodemon]
 73445 | Pan      | Gained mutation: You have a pair of small horns on your
                  | head. [a cacodemon]
 73446 | Pan      | Gained mutation: Your magical capacity is low. (-10% MP) [a
                  | cacodemon]
 73446 | Pan      | Lost mutation: You tend to lose your temper in combat. [a
                  | cacodemon]
 73447 | Pan      | Gained mutation: You sometimes lose the ability to read
                  | scrolls when taking damage. [a cacodemon]
 73448 | Pan      | Lost mutation: You have large cloven feet. [a cacodemon]
 73451 | Pan      | Gained mutation: You are occasionally teleported next to
                  | monsters. [a cacodemon]
 73454 | Pan      | Paralysed by a floating eye for 4 turns
 73457 | Pan      | Gained mutation: You are weak. (Str -2) [a cacodemon]
 73462 | Pan      | Gained mutation: Your system is resistant to poisons.
                  | (rPois) [a cacodemon]
 73463 | Pan      | Gained mutation: Potions are less effective at restoring
                  | your health. [a cacodemon]
 73488 | Pan      | Paralysed by a floating eye for 3 turns
 73494 | Pan      | Paralysed by a floating eye for 3 turns
 73521 | Pan      | Paralysed by a floating eye for 3 turns
 73527 | Pan      | Paralysed by a floating eye for 2 turns
 73534 | Pan      | Paralysed by a floating eye for 2 turns
 73536 | Pan      | Paralysed by a floating eye for 2 turns
 73542 | Pan      | Killed Jutwijer the pandemonium lord
 74097 | Pan      | Reached skill level 10 in Transmutations
 74097 | Pan      | Gained mutation: Your body sometimes deteriorates upon
                  | taking damage. [a neqoxec]
 74098 | Pan      | Gained mutation: Your spells are a little easier to cast,
                  | but a little less powerful. [a neqoxec]
 74236 | Pan      | Noticed Xamimeo the pandemonium lord
 74239 | Pan      | Reached skill level 15 in Air Magic
 74268 | Pan      | Killed Xamimeo the pandemonium lord
 74591 | Pan      | Gained mutation: You frequently scream uncontrollably at
                  | your foes. [mutagenic glow]
 74756 | Pan      | Reached skill level 15 in Fighting
 75324 | Pan      | Reached skill level 20 in Spellcasting
 75965 | Pan      | Got a demonic rune of Zot
 76019 | Pan      | Gained mutation: Your magical capacity is very low. (-20%
                  | MP) [a neqoxec]
 77238 | Pan      | Cast into level 2 of the Abyss (reaper)
 77238 | Abyss:2  | Found a corrupted altar of Lugonu.
 77462 | Pan      | Escaped the Abyss
 78423 | Pan      | Noticed Xueleagg the pandemonium lord
 78428 | Pan      | HP: 10/268 [Xueleagg the pandemonium lord (14)]
 78431 | Pan      | HP: 3/268 [smoke demon/divine providence (10)]
 78431 | Pan      | Killed from afar by a soul eater

Illustrated notes

Levels and vault maps discovered:
D:1:      dpeg_arrival_boxorama, layout_rooms, serial_shops, shop,
          shapermc_ecumenical_altar_hornbeckon
D:2:      layout_basic
D:3:      layout_loops_ring, serial_shops, nicolae_shop_trees, uniq_terence
D:4:      layout_cave_pools, chequers_temple_overflow_statue_of_worship,
          nicolae_ossuary_entry_catacombs, minmay_distorted
D:5:      layout_basic, minmay_temple_entry_trees, uniq_crazy_yiuf_cottage
D:6:      layout_basic, uniq_eustachio
D:7:      minmay_inner_zag, layout_rooms, chei_slow_surprise, uniq_duvessa
D:8:      layout_rooms, lemuel_round_altar, gammafunk_temple_overflow_forgotten,
          uniq_psyche
D:9:      layout_cave_pools, kennysheep_ying_yang, bloody_makhleb,
          mainiacjoe_overflow_concentric_impassable, dpeg_lair_monsters,
          orc_david_3, minmay_unpleasant_kobolds
D:10:     minmay_the_grid_octo_2x2 [minmay_the_grid_octo_clover_2,
          minmay_the_grid_octo_vomiting_pacman, minmay_the_grid_octo_checkered,
          minmay_the_grid_octo_prize_ultimate_mussel_roller], layout_basic,
          nicolae_qazlal_eye_of_the_storm, serial_shops, nicolae_shop_trees,
          shop_fountains, shop_statue, uniq_fannar
D:11:     layout_rooms
D:12:     minmay_bubble_buster, layout_loops_ring,
          nicolae_trove_entry_crossroad, uniq_erolcha, uniq_rupert, uniq_maurice
D:13:     minmay_tearing_corner, layout_long_grid,
          lightli_vaults_fourway_checkpoint, hangedman_decor_push
D:14:     nicolae_BIG_FREAKIN_CUBE, layout_rooms, lemuel_tele_altar
D:15:     gammafunk_enter_depths_forms, layout_loops_ring, serial_shops,
          nicolae_diamond_shop, lemuel_blue_sif_altar, serial_bayou_pond_b,
          kennysheep_flooded_box, nicolae_shop_gadgets
Temple:   corrupted_temple
Lair:1:   minmay_lair_venomous_thicket, layout_regular_city
Lair:2:   layout_roguey, spider_nest_entry_web_field, pond, grunt_megastairs_1
Lair:3:   layout_long_grid, minmay_shoals_entry_centaurs, grunt_megastairs_2,
          infiniplex_staircase_pool_2
Lair:4:   gammafunk_indiana_jones, layout_misc_corridors,
          amcnicky_altar_lugonu_corruption, lemuel_fruit_tree
Lair:5:   dpeg_oklob_gauntlet, layout_hall_layers,
          nicolae_quartered_pool_little, serial_bayou_ford_a,
          amcnicky_mini_pool_medium
Lair:6:   hangedman_lair_tendril_chambers, layout_gridlike,
          minmay_slime_entry_oklob_enclosed, chequers_serial_rivers_large_a
Shoals:1: layout_shoals, nicolae_shoals_drake_roost
Shoals:2: layout_shoals, nicolae_shoals_flooded_hall, uniq_kirke
Shoals:3: layout_shoals, nicolae_shoals_kraken_intersection, uniq_mlioglotl,
          uniq_ilsuiw, uniq_aizul
Shoals:4: shoals_end_simple, layout_shoals, hangedman_shoals_cup_caves,
          uniq_roxanne
Spider:1: layout_spider_delve
Spider:2: layout_spider_delve, uniq_arachne
Spider:3: layout_spider_delve
Spider:4: grunt_spider_rune_parallel, uniq_asterion
Orc:1:    layout_caves, minmay_orc_temple_b
Orc:2:    st_orc_elflike, layout_diamond_mine, serial_shops,
          nicolae_shop_hallway_plus, nicolae_orc_tapped_out
Elf:1:    nicolae_elf_arrival_dilemma, layout_loops_ring,
          portal_ice_cave_entry_pillars_four,
          hangedman_elven_crosses_minicolossus
Elf:2:    elven_hall_of_blades_hangedman_alternative
          [infiniplex_blade_entry_pillars], layout_geoelf_diagonals,
          serial_shops, shop, nicolae_lakefront_shop, shop
Elf:3:    grunt_elf_hall_asides, layout_geoelf_castle, minmay_shop_star
Vaults:1: vaults_room_grid, v_rooms_2, nicolae_vaults_little_squares_1,
          nicolae_vaults_rhombus_6, hangedman_vaults_nails,
          grunt_vaults_hallway_short, nicolae_vaults_little_squares_6,
          nicolae_vaults_little_squares_4, vaults_room_large_hall,
          nicolae_vaults_border_crossing, ontoclasm_vaults_gateway,
          nicolae_vaults_diagonal_hallway_8, ontoclasm_vaults_ligature,
          layout_vaults_big_room, uniq_nikola
Vaults:2: gammafunk_ghost_cemetery, nicolae_vaults_sealed_display,
          vaults_mumra_lcd, grunt_vaults_hallway_short,
          hangedman_vaults_variations, v_rooms_5, vaults_standard_mumra_x,
          grunt_vaults_diagonal, ontoclasm_vaults_idyll,
          nicolae_vaults_circle_grid_b, ontoclasm_vaults_chip,
          grunt_vaults_funnel, v_misc_24, layout_vaults_big_cross, serial_shops,
          bzr_in_the_mist, uniq_sojobo
Vaults:3: portal_desolation_entry_ruin, nicolae_vaults_little_squares_5,
          nicolae_vaults_little_squares_4, v_misc_30, v_rooms_4,
          hangedman_vaults_trim, minmay_crypt_entry_nasty_monster,
          layout_vaults_omnigrid
Vaults:4: infiniplex_enter_wizlab_water, dpeg_vaults_monster_row,
          hangedman_vaults_stretched_pinwheel, hangedman_vaults_impose,
          nicolae_vaults_alarming, nicolae_vaults_circle_grid_a,
          vaults_standard_mumra_lines, kb_rosetta, ontoclasm_vaults_ring_small,
          v_misc_32, layout_vaults_maze, uniq_frederick, uniq_jory
Vaults:5
Crypt:1:  minmay_guarded_unrand_majin_bo, layout_regular_city,
          grunt_crypt_arrival_guarded_gate, uniq_vv
Crypt:2:  nicolae_crypt_knochenhaus, layout_basic, uniq_xtahua
Crypt:3:  cryptofortress_bobbens
Depths:1: layout_honeycomb, enter_ziggurat_e, serial_sigils,
          serial_sigils_hangedman_gnaw, serial_sigils_hangedman_scar,
          serial_sigils_hangedman_quiver, serial_sigils_hangedman_snap,
          serial_sigils_hangedman_scratch, serial_sigils_hangedman_confine,
          grunt_mini_vestibule, marbit_kobold_abyss_entry,
          kiku_gazebo_garden_becter, grunt_pan_entry_sceptre,
          nicolae_uskayaw_dance_hall
Depths:2: minmay_octo_star, layout_gridlike, grunt_pan_entry_spiral,
          okawaru_ov_weapons_minmay, pf_vacation_house_of_asmodeus,
          infiniplex_staircase_pillars_1
Depths:3: wad_lake_hut, layout_cave_pools, kennysheep_minor_cross,
          abyss_entry_crystal, hellmouth_1, kennysheep_diamond, uniq_boris,
          uniq_margery
Depths:4: grunt_twist_and_shout, layout_cave_shapes, hell_entry,
          rand_demon_pan_entry_3, uniq_mennas
Hell
Dis:1:    layout_subdivisions, nicolae_dis_big_boring_drill
Geh:1:    layout_gehenna_pools_basic
Geh:2:    layout_gehenna_pools_basic
Geh:3:    layout_gehenna_pools_basic, special_room [special_room_morgue]
Coc:1:    layout_ice_bergs
Tar:1:    layout_grid_maze
Pan:      evilmike_mini_pan_doors_b, layout_irregular_city,
          evilmike_mini_pan_doors_b, layout_small_grid,
          nicolae_pan_cerebovesque_1, evilmike_mini_pan_branches,
          layout_gridlike

Skill      XL: |  1  2  3  4  5  6  7  8  9 10 11 12 13 14 15 16 17 18 19 20 21 22 23 24 25 26 27 |
---------------+----------------------------------------------------------------------------------+-----
Transmutations | 1 2 3 4 5 6 7 8 9 10 | 10.4
Fighting       | 1 2 3 4 5 6 7 8 9 10 11 12 13 14 15 | 15.2
Spellcasting   | 3 4 5 6 7 8 9 10 11 12 13 14 15 16 17 18 19 20 | 20.2
Air Magic      | 1 2 3 4 5 6 7 9 10 11 13 14 15 | 15.3
Poison Magic   | 4 5 6 7 8 9 10 11 | 11.2
Dodging        | 2 3 4 5 6 7 8 9 10 11 12 13 | 13.7
Short Blades   | 1 2 4 5 6 7 8 |  8.2
Shields        | 1 2 3 5 6 7 8 9 10 11 12 13 14 15 | 15.2
Stealth        | 2 3 4 5 |  5.6
Long Blades    | 1 2 3 4 6 7 8 9 10 11 12 13 | 13.5
Translocations | 2 3 4 5 6 7 8 9 |  9.1
Armour         | 1 2 3 4 5 6 7 8 |  8.3
Invocations    | 4 6 7 8 10 11 12 13 | 13.0
Conjurations   | 1 3 4 5 6 7 8 9 10 11 12 13 | 13.9
Fire Magic     | 1 2 3 5 6 7 8 9 10 11 | 11.2
Hexes          | 3 5 7 9 10 12 14 | 14.3
Necromancy     | 6 8 10 11 13 | 13.7
Throwing       | |  0.6
Evocations     | |  0.2

Action                   |  1- 3 |  4- 6 |  7- 9 | 10-12 | 13-15 | 16-18 | 19-21 | 22-24 | 25-27 || total
-------------------------+-------+-------+-------+-------+-------+-------+-------+-------+-------++-------
Melee: Unarmed           |     5 |       |       |       |       |       |       |       |       ||     5
       Short sword       |     6 |   341 |    32 |       |       |       |       |       |       ||   379
       Punch             |       |     5 |       |       |       |       |       |       |       ||     5
       Dagger            |       |       |   236 |   482 |    14 |       |       |       |       ||   732
       Tailslap          |       |       |    67 |   151 |   130 |   144 |   175 |   474 |   421 ||  1562
       Falchion          |       |       |       |   340 |   570 |   744 |   361 |       |       ||  2015
       Scimitar          |       |       |       |       |       |       |   346 |  1682 |  1318 ||  3346
       Headbutt          |       |       |       |       |       |       |       |       |   225 ||   225
       Long sword        |       |       |       |       |       |       |       |       |   179 ||   179
Throw: Boomerang         |       |       |       |     1 |       |     3 |     4 |     1 |       ||     9
       Dart              |       |       |       |       |     4 |     2 |       |     3 |       ||     9
       Javelin           |       |       |       |       |       |       |       |       |     6 ||     6
 Cast: Sting             |    82 |   224 |    78 |    27 |    12 |    29 |       |       |       ||   452
       Poisonous Vapours |    11 |    10 |    99 |    43 |    64 |    86 |       |       |       ||   313
       Olgreb's Toxic Ra |       |       |     4 |    55 |   103 |   191 |    80 |    38 |     6 ||   477
       Blink             |       |       |       |     7 |     2 |     8 |     1 |     4 |     5 ||    27
       Scorch            |       |       |       |       |    43 |    55 |     1 |     1 |     3 ||   103
       Iskenderun's Myst |       |       |       |       |   102 |   193 |   162 |   145 |   164 ||   766
       Eringya's Noxious |       |       |       |       |       |     4 |     8 |     1 |       ||    13
       Fireball          |       |       |       |       |       |    11 |   114 |    90 |    62 ||   277
       Starburst         |       |       |       |       |       |     1 |     9 |    31 |     1 ||    42
       Airstrike         |       |       |       |       |       |       |    15 |   190 |   185 ||   390
       Dispersal         |       |       |       |       |       |       |     2 |       |       ||     2
Invok: Slouch            |       |       |       |       |       |     2 |     6 |     3 |     7 ||    18
Evoke: Wand              |       |       |     3 |     6 |       |     2 |       |       |    13 ||    24
       Box of beasts     |       |       |       |       |       |       |       |       |     2 ||     2
       Horn of Geryon    |       |       |       |       |       |       |       |       |     1 ||     1
  Use: Potion            |       |     7 |     2 |     3 |     1 |     4 |     4 |     4 |    17 ||    42
       Scroll            |       |     2 |     5 |     7 |     1 |    19 |     8 |    11 |     2 ||    55
 Stab: Sleeping          |       |     6 |     6 |     7 |    11 |     4 |    15 |     7 |       ||    56
       Paralysed         |       |       |     3 |     1 |       |       |       |       |       ||     4
       Distracted        |       |       |       |     1 |     1 |     1 |     1 |     3 |     2 ||     9
       Invisible         |       |       |       |       |       |       |     2 |       |       ||     2
       Confused          |       |       |       |       |       |       |     1 |       |       ||     1
Armor: Robe              |    15 |    94 |    14 |       |       |       |       |       |       ||   123
       Skin              |       |     3 |       |       |       |       |       |       |       ||     3
       Leather armour    |       |       |    11 |       |       |       |       |       |       ||    11
       Ring mail         |       |       |    46 |   250 |   124 |   352 |   203 |   164 |       ||  1139
       Gold dragon scale |       |       |       |       |       |       |       |   843 |  1000 ||  1843
Dodge: Dodged            |    32 |   202 |   155 |   337 |   245 |   560 |   560 |  1010 |   988 ||  4089
Block: Other             |       |    60 |    28 |       |       |       |       |       |       ||    88
       Kite shield       |       |       |   125 |   865 |   740 |  1191 |   867 |  1753 |  1663 ||  7204
       Reflection        |       |       |       |       |     8 |    67 |       |       |       ||    75

Table legend: (Time is in decaauts)
 A = Elapsed time spent in this place.
 B = Non-inter-level travel time spent in this place.
 C = Inter-level travel time spent in this place.
 D = Time resting spent in this place.
 E = Time spent auto-exploring this place.
 F = Levels seen in this place.
 G = Mean time per level.
                   A        B        C        D        E       F      G
               +--------+--------+--------+--------+--------+-----+--------+
         Total | 110454 | 101841 |   8613 |   6839 |  70407 |  70 | 1577.9 |
       Dungeon |  24603 |  21884 |   2719 |   2653 |  14078 |  15 | 1640.2 |
        Temple |     51 |     38 |     13 |      0 |     31 |   1 |   51.0 |
          Lair |  10389 |   9033 |   1356 |     26 |   7256 |   6 | 1731.5 |
        Shoals |   8555 |   7845 |    710 |     67 |   6283 |   4 | 2138.8 |
   Spider Nest |   5325 |   4998 |    327 |     80 |   3645 |   4 | 1331.2 |
  Orcish Mines |   3157 |   2566 |    591 |      0 |   2019 |   2 | 1578.5 |
   Elven Halls |   6324 |   6012 |    312 |    222 |   4521 |   3 | 2108.0 |
        Vaults |  14094 |  12791 |   1303 |    109 |  10086 |   5 | 2818.8 |
         Crypt |   8853 |   8463 |    390 |     86 |   6640 |   3 | 2951.0 |
        Depths |  10533 |   9846 |    687 |    536 |   7271 |   4 | 2633.2 |
          Hell |   1791 |   1624 |    167 |    301 |    865 |   1 | 1791.0 |
           Dis |    919 |    903 |     16 |    425 |    195 |   1 |  919.0 |
       Gehenna |    599 |    581 |     18 |      0 |    258 |   3 |  199.7 |
       Cocytus |    116 |    116 |      0 |     70 |      0 |   1 |  116.0 |
      Tartarus |      1 |      1 |      0 |      0 |      0 |   1 |    1.0 |
         Abyss |   1254 |   1254 |      0 |      0 |    735 |   7 |  179.1 |
   Pandemonium |   7223 |   7223 |      0 |    910 |   4425 |   3 | 2407.7 |
        Bazaar |    186 |    186 |      0 |      0 |    125 |   1 |  186.0 |
         Trove |    132 |    132 |      0 |      0 |      0 |   1 |  132.0 |
       Ossuary |   2923 |   2923 |      0 |    899 |    486 |   1 | 2923.0 |
      Ice Cave |   1497 |   1497 |      0 |    171 |    654 |   1 | 1497.0 |
        Wizlab |    643 |    643 |      0 |    155 |    252 |   1 |  643.0 |
    Desolation |   1274 |   1274 |      0 |    129 |    579 |   1 | 1274.0 |
               +--------+--------+--------+--------+--------+-----+--------+

Top non-repeatable levels by time:
Depths:2: 3514 daAuts
Vaults:2: 3356 daAuts
 Crypt:2: 3255 daAuts
Vaults:5: 3171 daAuts
 Crypt:3: 3123 daAuts
Vaults:1: 2986 daAuts
 Ossuary: 2923 daAuts
Depths:3: 2823 daAuts
Shoals:4: 2787 daAuts
Vaults:3: 2519 daAuts
 Crypt:1: 2474 daAuts
   Elf:3: 2390 daAuts
    D:10: 2304 daAuts
Shoals:2: 2267 daAuts
    D:13: 2231 daAuts
